[Event "ICC tourney 3321 (40 10)"]
[Site "Internet Chess Club"]
[Date "2023.11.11"]
[Round "1"]
[White "Chen, Davin:Newmuffin10"]
[Black "KAYAALP, LEVENT:Manch"]
[Result "0-1"]
[ICCResult "White resigns"]
[WhiteElo "1672"]
[BlackElo "1523"]
[Opening "Van't Kruijs opening"]
[ECO "A00"]
[Time "11:00:28"]
[PlyCount "62"]
[TimeControl "2400+10"]

1. e3 e5 2. b3 d5 3. Bb2 Bd6 4. Nf3 Qe7 5. Be2 a6 6. O-O Nc6 7. c4 Be6 8.
cxd5 Bxd5 9. Nc3 Be6 10. d4 exd4 11. Nxd4 Nxd4 12. Qxd4 Nf6 13. Ne4 O-O-O
14. Nxd6+ Rxd6 15. Qa7 Qd8 16. Rfd1 Rg8 17. Qa8+ Kd7 18. Rxd6+ Kxd6 19. Ba3+
Kd7 20. Rd1+ Bd5 21. Qb8 Qxb8 22. e4 Re8 23. Bc4 Rxe4 24. Bxd5 Nxd5 25.
Rxd5+ Kc6 26. Rc5+ Kb6 27. Rc1 Qe8 28. Bc5+ Kb5 29. a4+ Ka5 30. b4+ Rxb4 31.
Bxb4+ Kxb4 {White resigns} 0-1

[Event "ICC tourney 3321 (40 10)"]
[Site "Internet Chess Club"]
[Date "2023.11.11"]
[Round "1"]
[White "Malhotra, Rehaan:MrRap"]
[Black "RAMKUMAR, NIKHIL:nikhilramkumar"]
[Result "1/2-1/2"]
[ICCResult "Game drawn by mutual agreement"]
[WhiteElo "1627"]
[BlackElo "1846"]
[Opening "Caro-Kann: Tartakower (Nimzovich) variation"]
[ECO "B15"]
[NIC "CK.06"]
[Time "11:00:37"]
[PlyCount "40"]
[TimeControl "2400+10"]

1. e4 c6 2. d4 d5 3. Nc3 dxe4 4. Nxe4 Nf6 5. Nxf6+ exf6 6. Nf3 Bg4 7. Be2
Bd6 8. c3 Nd7 9. h3 Bh5 10. Nh4 Bg6 11. O-O O-O 12. Nxg6 hxg6 13. Bd3 Re8
14. Qb3 Qb6 15. Bd2 Re7 16. Rfe1 Rae8 17. Rxe7 Rxe7 18. Re1 Rxe1+ 19. Bxe1
f5 20. Bd2 Qc7 {Game drawn by mutual agreement} 1/2-1/2

[Event "ICC tourney 3321 (40 10)"]
[Site "Internet Chess Club"]
[Date "2023.11.11"]
[Round "1"]
[White "Raghuraman, Advaith:greenyoshi"]
[Black "BOGIN, THEODORE:tbogin1"]
[Result "0-1"]
[ICCResult "White checkmated"]
[WhiteElo "1562"]
[BlackElo "1800"]
[Opening "French: Albin-Alekhine-Châtard attack"]
[ECO "C13"]
[NIC "FR.06"]
[Time "11:00:57"]
[PlyCount "96"]
[TimeControl "2400+10"]

1. e4 e6 2. d4 d5 3. Nc3 Nf6 4. Bg5 Be7 5. e5 Nfd7 6. h4 h6 7. Bxe7 Qxe7 8.
h5 c5 9. f4 cxd4 10. Qxd4 Nc6 11. Qd2 a6 12. Nf3 O-O 13. O-O-O f6 14. Re1
fxe5 15. fxe5 b5 16. b3 Qd8 17. Nd1 Qc7 18. Nd4 Ndxe5 19. Nxc6 Nxc6 20. Kb1
Qf4 21. Qc3 Qd6 22. Kb2 Bd7 23. g4 e5 24. Qg3 d4 25. Bg2 Rac8 26. Bxc6 Qxc6
27. Rh2 e4 28. g5 Bf5 29. gxh6 Qxh6 30. Rg1 d3 31. c3 b4 32. c4 Qf6+ 33. Kb1
e3 34. Nxe3 Bh7 35. h6 d2+ 36. Nc2 Bxc2+ 37. Kxc2 Qf5+ 38. Kb2 Qf6+ 39. Kc2
Qf5+ 40. Qd3 Qxd3+ 41. Kxd3 Rcd8+ 42. Kc2 Rf7 43. Rxg7+ Rxg7 44. hxg7 d1=Q+
45. Kb2 Rd2+ 46. Rxd2 Qxd2+ 47. Kb1 Kxg7 48. Ka1 Qc1# {White checkmated} 0-1

[Event "ICC tourney 3321 (40 10)"]
[Site "Internet Chess Club"]
[Date "2023.11.11"]
[Round "1"]
[White "S.M, UMER:uncrackable"]
[Black "SKARIAH, ANUSHKA ELIZABETH:kskariah"]
[Result "1-0"]
[ICCResult "Black checkmated"]
[WhiteElo "1830"]
[BlackElo "1614"]
[Opening "Réti: Nimzovich-Larsen attack"]
[ECO "A06"]
[NIC "QP.09"]
[Time "11:00:42"]
[PlyCount "75"]
[TimeControl "2400+10"]

1. Nf3 d5 2. b3 c5 3. Bb2 Nc6 4. e3 Nf6 5. d4 e6 6. dxc5 Bxc5 7. a3 a6 8. b4
Bd6 9. Nbd2 e5 10. c4 Be6 11. cxd5 Nxd5 12. Nc4 f6 13. Nxd6+ Qxd6 14. e4 Rd8
15. exd5 Bxd5 16. Be2 O-O 17. O-O e4 18. Nd4 Rfe8 19. Nxc6 Qxc6 20. Rc1 Qe6
21. Qd4 Kh8 22. Rfd1 Qe7 23. Qc5 Qf7 24. Bd4 Bb3 25. Bc4 Bxc4 26. Qxc4 Rd5
27. Qc2 Red8 28. Be3 Rd3 29. Rd2 Qd7 30. Rxd3 exd3 31. Qd2 Qa4 32. Qxd3 Re8
33. h3 h6 34. Rc7 b5 35. Qd7 Rg8 36. Bxh6 Qxa3 37. Bxg7+ Kh7 38. Qf5#
{Black checkmated}
1-0

[Event "ICC tourney 3321 (40 10)"]
[Site "Internet Chess Club"]
[Date "2023.11.11"]
[Round "2"]
[White "SKARIAH, ANUSHKA ELIZABETH:kskariah"]
[Black "Chen, Davin:Newmuffin10"]
[Result "1-0"]
[ICCResult "Black resigns"]
[WhiteElo "1614"]
[BlackElo "1672"]
[Opening "French defense"]
[ECO "C01"]
[NIC "FR.01"]
[Time "13:16:40"]
[PlyCount "29"]
[TimeControl "2400+10"]

1. e4 e6 2. d4 b6 3. Nf3 Bb7 4. Nc3 Bb4 5. Bd3 Nf6 6. Qe2 O-O 7. O-O Na6 8.
e5 Nd5 9. Nxd5 Bxd5 10. Bxa6 c5 11. a3 Ba5 12. c3 Bb3 13. Be3 cxd4 14. Nxd4
Bd5 15. b4 {Black resigns} 1-0

[Event "ICC tourney 3321 (40 10)"]
[Site "Internet Chess Club"]
[Date "2023.11.11"]
[Round "2"]
[White "KAYAALP, LEVENT:Manch"]
[Black "S.M, UMER:uncrackable"]
[Result "0-1"]
[ICCResult "White checkmated"]
[WhiteElo "1523"]
[BlackElo "1830"]
[Opening "Sicilian: Anderssen variation"]
[ECO "B41"]
[NIC "SI.41"]
[Time "13:16:44"]
[PlyCount "92"]
[TimeControl "2400+10"]

1. e4 c5 2. Nf3 e6 3. d4 cxd4 4. Nxd4 Nf6 5. Nc3 Nc6 6. Nxc6 bxc6 7. Be2 e5
8. O-O Bc5 9. Bg5 h6 10. Bh4 g5 11. Bg3 d6 12. Kh1 h5 13. h3 h4 14. Bh2 Rb8
15. Rb1 Be6 16. Bf3 Bd4 17. a3 Qd7 18. Na4 g4 19. hxg4 h3 20. c3 Bb3 21. Qe2
hxg2+ 22. Kxg2 Bxa4 23. cxd4 Bb5 24. Qc2 Bxf1+ 25. Rxf1 Nxg4 26. Bxg4 Qxg4+
27. Bg3 Qh3+ 28. Kf3 Kd7 29. dxe5 Qxf1 30. exd6 Rh1 31. b4 Qd1+ 32. Qxd1
Rxd1 33. e5 Rd3+ 34. Kg4 Rxa3 35. f4 Rg8+ 36. Kf5 Raxg3 37. b5 cxb5 38. Kf6
R8g7 39. f5 Rh7 40. e6+ fxe6 41. fxe6+ Kxd6 42. e7 Rf3+ 43. Kg6 Rxe7 44. Kg5
Rg7+ 45. Kh6 Rg2 46. Kh7 Rh3# {White checkmated} 0-1

[Event "ICC tourney 3321 (40 10)"]
[Site "Internet Chess Club"]
[Date "2023.11.11"]
[Round "2"]
[White "BOGIN, THEODORE:tbogin1"]
[Black "STINSON, RUSSELL:rcstinson"]
[Result "1/2-1/2"]
[ICCResult "Game drawn by mutual agreement"]
[WhiteElo "1800"]
[BlackElo "1523"]
[Opening "Sicilian: Smith-Morra gambit"]
[ECO "B21"]
[NIC "SI.48"]
[Time "13:16:37"]
[PlyCount "103"]
[TimeControl "2400+10"]

1. e4 c5 2. d4 cxd4 3. c3 dxc3 4. Nxc3 Nc6 5. Nf3 d6 6. Bc4 Nf6 7. e5 dxe5
8. Qxd8+ Nxd8 9. Nb5 Rb8 10. Nxe5 e6 11. Be3 Bb4+ 12. Ke2 O-O 13. Bxa7 Ra8
14. Be3 Nc6 15. Nxc6 bxc6 16. Nd4 Ba6 17. Bxa6 Rxa6 18. Rhc1 Rc8 19. a3 Be7
20. b4 c5 21. bxc5 Rxc5 22. Rxc5 Bxc5 23. a4 h5 24. Nb3 Bxe3 25. Kxe3 Nd5+
26. Kd4 Nf4 27. g3 Nd5 28. a5 Kf8 29. Nc5 Ra8 30. a6 Nb4 31. Ra4 Nc6+ 32.
Kc3 Ke7 33. f4 Kd6 34. Ne4+ Kc7 35. Ng5 Nd8 36. Kd4 Kb6 37. Ne4 Rxa6 38.
Rxa6+ Kxa6 39. Kc5 Kb7 40. Kd6 Kc8 41. Ke7 e5 42. fxe5 Nc6+ 43. Kd6 Nd4 44.
Ng5 f6 45. exf6 gxf6 46. Ne6 Nf5+ 47. Kc5 h4 48. g4 Ne3 49. g5 fxg5 50. Nxg5
Ng4 51. h3 Nf2 52. Kd4 {Game drawn by mutual agreement} 1/2-1/2

[Event "ICC tourney 3321 (40 10)"]
[Site "Internet Chess Club"]
[Date "2023.11.11"]
[Round "2"]
[White "LIN, GABRIEL:danaglin"]
[Black "Malhotra, Rehaan:MrRap"]
[Result "1-0"]
[ICCResult "Black checkmated"]
[WhiteElo "1781"]
[BlackElo "1627"]
[Opening "Sicilian: Alapin's variation (2.c3)"]
[ECO "B22"]
[NIC "SI.46"]
[Time "13:16:42"]
[PlyCount "121"]
[TimeControl "2400+10"]

1. e4 c5 2. c3 d5 3. exd5 Qxd5 4. d4 cxd4 5. cxd4 Nc6 6. Nf3 Bg4 7. Be2 Nf6
8. Nc3 Qd7 9. Be3 a6 10. O-O e6 11. Na4 Qc7 12. Rc1 Bd6 13. h3 Bh5 14. Nc3
Qd8 15. Bg5 Be7 16. Qb3 Rb8 17. Bxf6 Bxf6 18. Qa4 Qd7 19. Rfd1 Bxf3 20. Bxf3
Nxd4 21. Qxd7+ Kxd7 22. Ne4 e5 23. Bg4+ Kd8 24. f4 h5 25. Rc5 hxg4 26. fxe5
Be7 27. Rxd4+ Ke8 28. Rc7 Bd8 29. Nd6+ Kf8 30. Rxf7+ Kg8 31. Rxg4 g5 32. e6
Rh7 33. Re4 Bc7 34. Rxh7 Kxh7 35. e7 Bxd6 36. e8=Q Rxe8 37. Rxe8 b6 38. Re6
Bc5+ 39. Kf1 a5 40. Re5 Kg6 41. Rxc5 bxc5 42. g3 Kf5 43. Ke2 c4 44. Ke3 Ke5
45. h4 a4 46. h5 Kf6 47. g4 Ke5 48. a3 Kd5 49. h6 Ke6 50. h7 Kf7 51. h8=Q
Ke6 52. Qh6+ Kd7 53. Qxg5 Kd6 54. Qf5 Kc6 55. g5 Kd6 56. g6 Kc6 57. g7 Kd6
58. g8=Q Kc6 59. Qgg6+ Kc7 60. Qff7+ Kc8 61. Qgg8# {Black checkmated} 1-0

[Event "ICC tourney 3321 (40 10)"]
[Site "Internet Chess Club"]
[Date "2023.11.11"]
[Round "2"]
[White "RAMKUMAR, NIKHIL:nikhilramkumar"]
[Black "Yan, Rayna:K01-30157975"]
[Result "1-0"]
[ICCResult "Black checkmated"]
[WhiteElo "1846"]
[BlackElo "1628"]
[Opening "Caro-Kann: Tartakower (fantasy) variation"]
[ECO "B12"]
[NIC "CK.02"]
[Time "13:16:40"]
[PlyCount "43"]
[TimeControl "2400+10"]

1. e4 c6 2. d4 d5 3. f3 dxe4 4. fxe4 e5 5. Nf3 Bg4 6. Bc4 Nd7 7. O-O Qc7 8.
Bxf7+ Kxf7 9. Ng5+ Ke8 10. Qxg4 Qd6 11. dxe5 Nxe5 12. Qg3 Nf6 13. Bf4 Qd4+
14. Be3 Qd6 15. Na3 h6 16. Rad1 Qe7 17. Rf5 Ned7 18. Nh3 Nxe4 19. Qg6+ Kd8
20. Rf7 Qb4 21. Rfxd7+ Kc8 22. Qe8# {Black checkmated} 1-0

[Event "ICC tourney 3321 (40 10)"]
[Site "Internet Chess Club"]
[Date "2023.11.11"]
[Round "2"]
[White "THAIN, JACK:jt1819"]
[Black "WU, DARREN:chessboy111"]
[Result "1-0"]
[ICCResult "Black checkmated"]
[WhiteElo "1715"]
[BlackElo "1549"]
[Opening "Queen's pawn game"]
[ECO "D00"]
[NIC "QP.07"]
[Time "13:16:41"]
[PlyCount "91"]
[TimeControl "2400+10"]

1. d4 Nf6 2. Nc3 d5 3. Bf4 e6 4. e3 Bb4 5. Ne2 O-O 6. a3 Bd6 7. Bxd6 cxd6 8.
Ng3 Bd7 9. Bd3 a6 10. O-O Nc6 11. e4 dxe4 12. Ncxe4 d5 13. Nxf6+ Qxf6 14. c3
g6 15. f4 Ne7 16. Qd2 Rfe8 17. Rae1 Rac8 18. Nh1 b5 19. Nf2 Qg7 20. Ng4 f6
21. Qf2 Nc6 22. Qh4 Rf8 23. Kh1 Na5 24. Nf2 Nc4 25. Bxc4 bxc4 26. g4 Rb8 27.
Re2 g5 28. Qg3 Rb3 29. Rfe1 gxf4 30. Qxf4 Qg5 31. Qd6 Qg7 32. Qxa6 Rfb8 33.
Nd1 Kh8 34. h3 R3b6 35. Qa5 Qg5 36. Qc5 h5 37. Qe7 R6b7 38. Rf2 hxg4 39.
Rxf6 Qg7 40. Rf7 Qh6 41. h4 Re8 42. Qd6 Qxh4+ 43. Kg2 Qh3+ 44. Kf2 Rg8 45.
Qe5+ Rg7 46. Qxg7# {Black checkmated} 1-0

[Event "ICC tourney 3321 (40 10)"]
[Site "Internet Chess Club"]
[Date "2023.11.11"]
[Round "3"]
[White "BOGIN, THEODORE:tbogin1"]
[Black "THAIN, JACK:jt1819"]
[Result "1-0"]
[ICCResult "Black resigns"]
[WhiteElo "1800"]
[BlackElo "1715"]
[Opening "Caro-Kann: Rasa-Studier gambit"]
[ECO "B15"]
[NIC "CK.05"]
[Time "15:30:15"]
[PlyCount "87"]
[TimeControl "2400+10"]

1. e4 c6 2. d4 d5 3. Nc3 dxe4 4. f3 exf3 5. Nxf3 Nf6 6. Bc4 e6 7. O-O Be7 8.
Ne5 O-O 9. Bg5 Nd5 10. Bxe7 Qxe7 11. Bd3 g6 12. Qd2 Nd7 13. Nxd5 cxd5 14.
Ng4 f5 15. Nh6+ Kg7 16. Rae1 Qf6 17. c3 Nb6 18. Ng4 Qe7 19. Qh6+ Kh8 20. Ne5
Qg7 21. Nxg6+ Qxg6 22. Qxf8+ Qg8 23. Qxg8+ Kxg8 24. Re3 Bd7 25. Rg3+ Kf7 26.
Rf4 Na4 27. Rf2 b5 28. Kf1 a5 29. Rgf3 b4 30. cxb4 axb4 31. g4 Nb6 32. b3
Nc8 33. gxf5 exf5 34. Bxf5 Bxf5 35. Rxf5+ Ke6 36. Rf6+ Kd7 37. Rf7+ Kc6 38.
R2f6+ Nd6 39. Rxh7 Rxa2 40. Rhh6 Kc7 41. Rxd6 Rb2 42. Rxd5 Rxb3 43. Rg5 Rc3
44. Rg7+ {Black resigns} 1-0

[Event "ICC tourney 3321 (40 10)"]
[Site "Internet Chess Club"]
[Date "2023.11.11"]
[Round "3"]
[White "S.M, UMER:uncrackable"]
[Black "RAMKUMAR, NIKHIL:nikhilramkumar"]
[Result "1-0"]
[ICCResult "Black checkmated"]
[WhiteElo "1830"]
[BlackElo "1846"]
[Opening "Réti opening"]
[ECO "A04"]
[NIC "QP.11"]
[Time "15:30:10"]
[PlyCount "91"]
[TimeControl "2400+10"]

1. Nf3 c6 2. d4 d5 3. Bf4 Nf6 4. e3 Bf5 5. c4 e6 6. Nc3 Bb4 7. Qb3 Bxc3+ 8.
bxc3 b6 9. cxd5 exd5 10. Qa3 Nbd7 11. Ba6 Qe7 12. Bd6 Qd8 13. Bb7 Rc8 14.
Bxc8 Qxc8 15. Qxa7 Ne4 16. Bb4 c5 17. dxc5 bxc5 18. Ba5 O-O 19. O-O Qc6 20.
Qc7 Qf6 21. c4 Bg4 22. Nd2 Ne5 23. f3 Nxd2 24. Bxd2 Rc8 25. Qb7 Be6 26. cxd5
Qg6 27. dxe6 Qxe6 28. Bc3 Nc4 29. Qe4 Qa6 30. Rfd1 Nd6 31. Qe5 Ne8 32. a4 f6
33. Qd5+ Kh8 34. a5 Nc7 35. Qd8+ Ne8 36. Qe7 h6 37. Rd8 Rxd8 38. Qxd8 Qe6
39. Kf2 Kh7 40. a6 Nd6 41. a7 Nf5 42. Qd3 Qb3 43. Qxf5+ Kg8 44. a8=Q+ Kf7
45. Ra7+ Qb7 46. Rxb7# {Black checkmated} 1-0

[Event "ICC tourney 3321 (40 10)"]
[Site "Internet Chess Club"]
[Date "2023.11.11"]
[Round "3"]
[White "Yan, Rayna:K01-30157975"]
[Black "KAYAALP, LEVENT:Manch"]
[Result "0-1"]
[ICCResult "White checkmated"]
[WhiteElo "1628"]
[BlackElo "1523"]
[Opening "QGD: Marshall defense"]
[ECO "A50"]
[NIC "QP.07"]
[Time "15:31:17"]
[PlyCount "156"]
[TimeControl "2400+10"]

1. d4 Nf6 2. c4 d5 3. cxd5 Nxd5 4. e4 Nb6 5. Nc3 c6 6. Nf3 Bg4 7. Be2 N8d7
8. O-O e5 9. Be3 Bxf3 10. Bxf3 Nc4 11. Qb3 Nxe3 12. fxe3 Qb6 13. Qxb6 Nxb6
14. d5 Bc5 15. Rfe1 Nc4 16. Nd1 O-O 17. b3 Nd6 18. Kh1 f5 19. exf5 e4 20.
Bg4 Nxf5 21. Bxf5 Rxf5 22. dxc6 bxc6 23. Nc3 Re8 24. Kg1 Bb4 25. Rec1 Ba3
26. Rc2 Rc5 27. Rd1 Bb4 28. Rdc1 Ba3 29. Rd1 a5 30. Rdd2 Bb4 31. Nd1 Bxd2
32. Rxc5 Re6 33. Kf2 Bb4 34. Rc4 c5 35. Nb2 Re5 36. Na4 Kf7 37. Ke2 Ke7 38.
Nb6 Kd8 39. Rc2 Kc7 40. Nc4 Rh5 41. h3 Rg5 42. Kf2 h5 43. a3 Rf5+ 44. Kg1
Kc6 45. axb4 axb4 46. Rd2 Rf6 47. Ne5+ Kb5 48. Rd7 g5 49. Rf7 Rd6 50. Rd7
Rxd7 51. Nxd7 c4 52. bxc4+ Kxc4 53. Nb6+ Kd3 54. Kf2 b3 55. Na4 Kc2 56. Kg3
b2 57. Nxb2 Kxb2 58. h4 gxh4+ 59. Kxh4 Kc3 60. Kg3 Kd3 61. Kf4 h4 62. Kg4
Kxe3 63. Kxh4 Kf2 64. g4 e3 65. g5 e2 66. g6 e1=Q 67. Kh5 Qe5+ 68. Kh6 Qh8+
69. Kg5 Qg7 70. Kf5 Kg3 71. Kg5 Kf3 72. Kf5 Ke3 73. Kg5 Ke4 74. Kh5 Kf5 75.
Kh4 Qxg6 76. Kh3 Kf4 77. Kh2 Kf3 78. Kh1 Qg2# {White checkmated} 0-1

[Event "ICC tourney 3321 (40 10)"]
[Site "Internet Chess Club"]
[Date "2023.11.11"]
[Round "3"]
[White "SKARIAH, ANUSHKA ELIZABETH:kskariah"]
[Black "Raghuraman, Advaith:greenyoshi"]
[Result "1-0"]
[ICCResult "Black checkmated"]
[WhiteElo "1614"]
[BlackElo "1562"]
[Opening "Sicilian: Hungarian variation"]
[ECO "B34"]
[NIC "SI.43"]
[Time "15:30:19"]
[PlyCount "87"]
[TimeControl "2400+10"]

1. e4 c5 2. Nf3 g6 3. d4 cxd4 4. Nxd4 Bg7 5. Nc3 Nc6 6. Be3 Nf6 7. f3 O-O 8.
Be2 d5 9. Nxc6 bxc6 10. e5 Nd7 11. f4 c5 12. Qxd5 Rb8 13. O-O-O Qb6 14. b3
e6 15. Qd6 Qb4 16. Na4 Qa3+ 17. Kd2 Qb4+ 18. c3 Qa5 19. Ke1 Rd8 20. Bxc5 Bf8
21. Qd4 Bxc5 22. Nxc5 Qxa2 23. Kf2 Qa5 24. b4 Qb6 25. Rd2 Qc6 26. Bf3 Qc7
27. Rhd1 Rb5 28. Be2 Rb8 29. Ba6 Bb7 30. Nxb7 Qb6 31. Qxb6 axb6 32. Nxd8
Rxd8 33. Rxd7 Rxd7 34. Rxd7 Kg7 35. Rb7 h6 36. Rxb6 g5 37. c4 gxf4 38. c5 h5
39. c6 h4 40. c7 h3 41. gxh3 f3 42. c8=Q f5 43. Qd7+ Kg8 44. Rb8#
{Black checkmated}
1-0

[Event "ICC tourney 3321 (40 10)"]
[Site "Internet Chess Club"]
[Date "2023.11.11"]
[Round "3"]
[White "WU, DARREN:chessboy111"]
[Black "Malhotra, Rehaan:MrRap"]
[Result "1-0"]
[ICCResult "Black checkmated"]
[WhiteElo "1549"]
[BlackElo "1627"]
[Opening "Sicilian defense"]
[ECO "B20"]
[NIC "SI.48"]
[Time "15:30:30"]
[PlyCount "133"]
[TimeControl "2400+10"]

1. e4 c5 2. c4 Nc6 3. Ne2 Nf6 4. Nbc3 e6 5. d4 cxd4 6. Nxd4 a6 7. Be2 d6 8.
Be3 Bd7 9. O-O Be7 10. f3 O-O 11. Qd2 Rc8 12. Rac1 Ne5 13. b3 Qc7 14. Rfd1
Rfd8 15. Nc2 Nc6 16. Ne1 Be8 17. Nd5 exd5 18. cxd5 Qb8 19. dxc6 Rxc6 20.
Rxc6 Bxc6 21. Rc1 d5 22. Bb6 Rd7 23. exd5 Nxd5 24. Bd4 Nf4 25. Bc4 Qd6 26.
Nc2 Bf6 27. Rd1 b5 28. Bf1 Ne6 29. Be3 Qxd2 30. Rxd2 Rxd2 31. Bxd2 Kf8 32.
Kf2 Ke7 33. Ke3 Bg5+ 34. Kd3 Bxd2 35. Kxd2 Kd6 36. Nb4 Bb7 37. Kc3 Nf4 38.
g3 Nd5+ 39. Nxd5 Kxd5 40. Bd3 Ke5 41. f4+ Kd5 42. Bxh7 Ke6 43. Bd3 Kd6 44.
Kd4 Bd5 45. g4 Bf3 46. g5 Bg4 47. h4 g6 48. a4 bxa4 49. bxa4 a5 50. Bc4 Ke7
51. Kc5 Bd1 52. Kb5 Bf3 53. Kxa5 Bc6 54. Bb5 Bd5 55. Kb6 Kd6 56. a5 Be4 57.
a6 Bf3 58. a7 Bd5 59. Be8 Ba8 60. Bxf7 Ke7 61. Bxg6 Kf8 62. h5 Kg7 63. f5
Kf8 64. h6 Kg8 65. f6 Kh8 66. f7 Bb7 67. f8=Q# {Black checkmated} 1-0

[Event "ICC tourney 3321 (40 10)"]
[Site "Internet Chess Club"]
[Date "2023.11.11"]
[Round "3"]
[White "STINSON, RUSSELL:rcstinson"]
[Black "LIN, GABRIEL:danaglin"]
[Result "0-1"]
[ICCResult "White resigns"]
[WhiteElo "1523"]
[BlackElo "1781"]
[Opening "French: Albin-Alekhine-Châtard attack, Maróczy variation"]
[ECO "C13"]
[NIC "FR.06"]
[Time "15:31:11"]
[PlyCount "150"]
[TimeControl "2400+10"]

1. e4 e6 2. d4 d5 3. Nc3 Nf6 4. Bg5 Be7 5. e5 Nfd7 6. h4 a6 7. Bxe7 Qxe7 8.
Qg4 f5 9. Qg3 c5 10. dxc5 Nxc5 11. O-O-O Nc6 12. Nf3 Bd7 13. Rxd5 exd5 14.
Nxd5 Qf7 15. Nc7+ Kd8 16. Nxa8 Ne4 17. Ng5 Nxg3 18. Nxf7+ Ke7 19. Nxh8 Nxh1
20. Nc7 Nxf2 21. Bc4 Nxe5 22. Bg8 Kd6 23. Nd5 Be6 24. Bxe6 Kxe6 25. Nb6 Ke7
26. Nc8+ Kf8 27. Nd6 b6 28. Nxf5 Kg8 29. Kd2 Kxh8 30. Ke3 Nfg4+ 31. Kd4 g6
32. Nd6 Kg7 33. c4 Kf6 34. Nc8 Nd7 35. Kd5 Ne3+ 36. Kc6 Ne5+ 37. Kxb6 N5xc4+
38. Kxa6 Nxb2 39. Kb5 Nxg2 40. h5 g5 41. a4 Nxa4 42. Kxa4 Nf4 43. Kb5 Nxh5
44. Kc4 Kf5 45. Nd6+ Kf4 46. Kd3 Kf3 47. Ne4 Nf4+ 48. Kd4 h6 49. Nd2+ Ke2
50. Nc4 g4 51. Ne5 h5 52. Ke4 Nh3 53. Nc6 g3 54. Nd4+ Kf2 55. Nf3 g2 56. Nd2
g1=Q 57. Kd3 Qg3+ 58. Kc4 Qe3 59. Nb3 Qxb3+ 60. Kxb3 Nf4 61. Kc4 h4 62. Kd4
h3 63. Ke4 Kg3 64. Ke3 h2 65. Kd2 h1=Q 66. Kc3 Qd1 67. Kc4 Qd2 68. Kb3 Qc1
69. Kb4 Qc2 70. Kb5 Qc3 71. Kb6 Qc4 72. Kb7 Qc5 73. Ka8 Qb5 74. Ka7 Ne6 75.
Ka8 Nc5 {White resigns} 0-1

[Event "ICC tourney 3321 (40 10)"]
[Site "Internet Chess Club"]
[Date "2023.11.11"]
[Round "4"]
[White "KAYAALP, LEVENT:Manch"]
[Black "BOGIN, THEODORE:tbogin1"]
[Result "0-1"]
[ICCResult "White checkmated"]
[WhiteElo "1523"]
[BlackElo "1800"]
[Opening "French: exchange variation"]
[ECO "C01"]
[NIC "FR.01"]
[Time "17:45:10"]
[PlyCount "58"]
[TimeControl "2400+10"]

1. e4 e6 2. d4 d5 3. exd5 exd5 4. Nf3 Nf6 5. Bg5 Be7 6. Bd3 O-O 7. O-O c6 8.
Bxf6 Bxf6 9. Ne5 Qb6 10. c3 Bxe5 11. Qh5 Bxh2+ 12. Qxh2 f5 13. b4 a5 14. g4
axb4 15. Qe5 Qd8 16. cxb4 fxg4 17. Qh5 h6 18. Qg6 Qf6 19. Qh7+ Kf7 20. Bg6+
Qxg6 21. Qxg6+ Kxg6 22. Nc3 Bf5 23. a4 Nd7 24. Kh2 Nf6 25. Kg3 Ne4+ 26. Nxe4
Bxe4 27. Kxg4 Rf3 28. b5 Raf8 29. bxc6 R8f4# {White checkmated} 0-1

[Event "ICC tourney 3321 (40 10)"]
[Site "Internet Chess Club"]
[Date "2023.11.11"]
[Round "4"]
[White "RAMKUMAR, NIKHIL:nikhilramkumar"]
[Black "SKARIAH, ANUSHKA ELIZABETH:kskariah"]
[Result "1-0"]
[ICCResult "Black checkmated"]
[WhiteElo "1846"]
[BlackElo "1614"]
[Opening "French: Tarrasch, closed variation"]
[ECO "C05"]
[NIC "FR.17"]
[Time "17:45:20"]
[PlyCount "95"]
[TimeControl "2400+10"]

1. e4 e6 2. d4 d5 3. Nd2 Nf6 4. e5 Nfd7 5. c3 c5 6. Bd3 f6 7. Qh5+ Ke7 8.
Ngf3 Qe8 9. Qg4 Nc6 10. O-O c4 11. Bc2 Kd8 12. Re1 h5 13. Qg3 f5 14. Nf1 Be7
15. Ng5 Nf8 16. Bxf5 exf5 17. e6 h4 18. Qf4 Bxg5 19. Qd6+ Bd7 20. Bxg5+ Kc8
21. Bf4 Qd8 22. exd7+ Nxd7 23. Qxd5 g5 24. Bd6 f4 25. Qxc4 Rh6 26. Be7 Qc7
27. Qg8+ Nd8 28. Bxd8 Qxd8 29. Re8 Rh8 30. Rxd8+ Kc7 31. Rxa8 Rxg8 32. Rxg8
Nf6 33. Rxg5 b6 34. Rf5 Nd7 35. Rxf4 h3 36. Rf7 a5 37. Rxd7+ Kxd7 38. Re1
hxg2 39. Kxg2 b5 40. h4 b4 41. h5 bxc3 42. bxc3 a4 43. h6 Kd6 44. h7 Kd5 45.
h8=Q Kc4 46. Qe5 Kxc3 47. Qc5+ Kd3 48. Re3# {Black checkmated} 1-0

[Event "ICC tourney 3321 (40 10)"]
[Site "Internet Chess Club"]
[Date "2023.11.11"]
[Round "4"]
[White "Raghuraman, Advaith:greenyoshi"]
[Black "Yan, Rayna:K01-30157975"]
[Result "1-0"]
[ICCResult "Black checkmated"]
[WhiteElo "1562"]
[BlackElo "1628"]
[Opening "Caro-Kann: advance variation"]
[ECO "B12"]
[NIC "CK.02"]
[Time "17:45:18"]
[PlyCount "167"]
[TimeControl "2400+10"]

1. e4 c6 2. d4 d5 3. e5 c5 4. Nf3 cxd4 5. Qxd4 Nc6 6. Qf4 e6 7. Be3 Nge7 8.
c3 Ng6 9. Qg3 Be7 10. Bb5 Bd7 11. Bxc6 Bxc6 12. Bg5 Bxg5 13. Nxg5 h6 14. Nf3
O-O 15. h4 Qb6 16. Nbd2 Qxb2 17. O-O Qxc3 18. h5 Ne7 19. Rfc1 Qa5 20. Nb3
Qd8 21. Nfd4 Qb6 22. Nc5 Qb4 23. Qe3 Qa5 24. Nxc6 bxc6 25. Nb3 Qb6 26. Nc5
Rfd8 27. Rab1 d4 28. Qa3 Qc7 29. Rb7 Qxe5 30. Rxe7 Qxh5 31. Rxa7 Rxa7 32.
Qxa7 Qg5 33. Nb3 Qd5 34. Qc7 Rd6 35. Rc5 Rd7 36. Rxd5 Rxc7 37. Rxd4 Ra7 38.
a4 Kf8 39. Rc4 e5 40. a5 Ra6 41. Rb4 Ke7 42. Rb6 Rxb6 43. axb6 Kd7 44. Nc5+
Kc8 45. Kf1 h5 46. Ke2 g5 47. Ke3 f5 48. g3 f4+ 49. gxf4 exf4+ 50. Kf3 Kb8
51. Kg2 Kc8 52. f3 g4 53. Kf2 g3+ 54. Kg2 h4 55. Kh3 Kb8 56. Kg2 Kc8 57. Ne6
Kb7 58. Nxf4 Kxb6 59. Ng6 c5 60. Nxh4 c4 61. Nf5 c3 62. Ne3 Kc5 63. Kxg3 Kd4
64. Kf2 Ke5 65. Ke2 Kd4 66. f4 Ke4 67. f5 c2 68. Kd2 Ke5 69. Kxc2 Kf6 70.
Kd3 Kf7 71. Ke4 Kf6 72. Kd5 Kf7 73. Ke5 Ke7 74. f6+ Kf7 75. Kf5 Kf8 76. Ke6
Ke8 77. f7+ Kf8 78. Nc4 Kg7 79. Ke7 Kh8 80. f8=Q+ Kh7 81. Qf5+ Kh6 82. Qg4
Kh7 83. Kf7 Kh6 84. Qg6# {Black checkmated} 1-0

[Event "ICC tourney 3321 (40 10)"]
[Site "Internet Chess Club"]
[Date "2023.11.11"]
[Round "4"]
[White "THAIN, JACK:jt1819"]
[Black "STINSON, RUSSELL:rcstinson"]
[Result "1-0"]
[ICCResult "Black resigns"]
[WhiteElo "1715"]
[BlackElo "1523"]
[Opening "Philidor: Improved Hanham variation"]
[ECO "B07"]
[NIC "QP.07"]
[Time "17:45:09"]
[PlyCount "51"]
[TimeControl "2400+10"]

1. d4 Nf6 2. Nc3 d6 3. e4 Nbd7 4. Nf3 e5 5. dxe5 dxe5 6. Bc4 Bc5 7. O-O c6
8. Bg5 b5 9. Bb3 Qb6 10. Qe2 h6 11. Bxf6 gxf6 12. Nh4 Nf8 13. Rfd1 Be6 14.
Nf5 Bxb3 15. Ng7+ Ke7 16. axb3 Ng6 17. Nf5+ Kf8 18. Rd7 Nf4 19. Qd2 Rg8 20.
Raxa7 Rxg2+ 21. Kh1 Kg8 22. Rxa8+ Bf8 23. Rxf8+ Kh7 24. Rdxf7+ Kg6 25. Rg7+
Kh5 26. Qd1+ {Black resigns} 1-0